 Dungeon Crawl Stone Soup version 0.32-a0-13-gbaedc5810e (webtiles) character file.

Game seed: 6453415482480555328

662 sloppysteve the Ruffian (level 7, -2/67 HPs)
             Began as a Troll Fighter on Jan 15, 2024.
             Slain by a gnoll
             ... wielding a +0 flail
             ... led by a gnoll sergeant
              (8 damage)
             ... on level 5 of the Dungeon.
             The game lasted 00:11:19 (3641 turns).

sloppysteve the Ruffian (Troll Fighter)             Turns: 3641, Time: 00:11:20

Health: -2/67      AC:  4    Str: 31    XL:     7   Next: 30%
Magic:  6/6        EV:  9    Int:  6    God:
Gold:   136        SH:  8    Dex:  9    Spells: 6/6 levels left

rFire   . .          .
                       - Unarmed
rCold   . . .        b - +0 kite shield
rNeg    . . .        a - +0 robe
rPois   .            (helmet restricted)
rElec   .            (no cloak)
rCorr   .            (gloves unavailable)
SInv    +            (boots unavailable)
Will    .....        (no amulet)
Stlth   +            g - ring of see invisible
HPRegen 1.11/turn    i - +6 ring of strength
MPRegen 0.10/turn

%: no passive effects
@: lethally poisoned (-2 -> -27)
A: large, unfitting armour, claws 3, regeneration 1, shaggy fur 1, tough skin 1
a: no special abilities


You were on level 5 of the Dungeon.
You visited 1 branch of the dungeon, and saw 5 of its levels.

You collected 136 gold pieces.

Inventory:

Missiles
 d - 72 stones (quivered)
 l - 16 poisoned darts
 m - 6 datura-tipped darts
 t - a throwing net
Armour
 a - a +0 robe (worn)
 b - a +0 kite shield (worn)
Jewellery
 g - a ring of see invisible (left claw)
 i - a +6 ring of strength (right claw)
 j - a ring of protection from cold
Wands
 u - a wand of mindburst (12)
Scrolls
 h - 5 scrolls of teleportation
 n - 2 scrolls of enchant armour
 p - a scroll of blinking
 r - a scroll of vulnerability {unknown}
 v - a scroll of fear {unknown}
 w - a scroll of immolation
 x - a scroll of butterflies {unknown}
Potions
 c - a potion of might
 e - 5 potions of brilliance
 f - 3 potions of curing
 k - a potion of magic {unknown}
 o - a potion of haste {unknown}
 q - a potion of attraction {unknown}
 s - a potion of ambrosia {unknown}


   Skills:
 * Level 3.2 Fighting
 * Level 3.7 Dodging
 * Level 1.3 Stealth
 * Level 4.0 Shields
 * Level 5.5 Unarmed Combat


You had 6 spell levels left.
You didn't know any spells.
Your spell library contained the following spells:

 Spells                   Type           Power      Damage    Failure   Level
 Necrotise                Necr           0%         1d4       65%         1
 Blink                    Tloc           0%         N/A       80%         2
 Jinxbite                 Hex            0%         N/A       80%         2
 Lesser Beckoning         Tloc           0%         N/A       80%         2
 Momentum Strike          Conj/Tloc      0%         3d8       80%         2
 Fugue of the Fallen      Necr           0%         N/A       95%         3
 Ozocubu's Armour         Ice            0%         N/A       95%         3
 Stone Arrow              Conj/Erth      0%         3d7       95%         3
 Vampiric Draining        Necr           0%         2d6       95%         3
 Animate Armour           Summ/Erth      0%         N/A       100%        4
 Manifold Assault         Tloc           0%         N/A       100%        4
 Martyr's Knell           Necr/Summ      0%         N/A       100%        4
 Curse of Agony           Necr           0%         N/A       100%        5
 Yara's Violent Unravell  Hex/Alch       0%         3d3       100%        5
 Enfeeble                 Hex            0%         N/A       100%        7
 Lehudib's Crystal Spear  Conj/Erth      0%         10d2      100%        8


Dungeon Overview and Level Annotations

Branches:
Dungeon (5/15)             Temple (0/1) D:5

Altars:

Shops:
D:1 =


Innate Abilities, Weirdness & Mutations

You are too large for most types of armour.
You have claws for hands.
Your natural rate of healing is unusually fast.
You are covered in fur. (AC +1)
You have tough skin. (AC +1)


Message History

The gnoll shouts! x3
You block the quokka's attack.
Found a staircase to the Ecumenical Temple.
There are monsters nearby!
You closely miss the quokka.
The gnoll sergeant hits you from afar with a +2 spear of venom.
You are poisoned.
The quokka bites you but does no damage.
You scratch the quokka.
The quokka is heavily wounded.
You feel very sick. You block the quokka's attack.
The gnoll sergeant hits you from afar with a +2 spear of venom!
You are more poisoned.
You completely miss the quokka.
The quokka is heavily wounded.
You feel very sick. The quokka bites you.
The gnoll sergeant hits you from afar with a +2 spear of venom.
You are more poisoned.
You claw the quokka!
You kill the quokka!
You feel very sick. You block the gnoll's attack.
The gnoll sergeant hits you from afar with a +2 spear of venom!
You are more poisoned.
You barely miss the gnoll.
You feel extremely sick. The gnoll barely misses you.
The gnoll sergeant completely misses you.
The gnoll hits you with a +0 flail.
* * * LOW HITPOINT WARNING * * *
You claw the gnoll!
The gnoll is heavily wounded.
You feel very sick.
The gnoll sergeant hits you from afar with a +2 spear of venom!
* * * LOW HITPOINT WARNING * * *
You are more poisoned.
The gnoll hits you with a +0 flail!
You die...

#....#.###
#......... #######
#....#####
#.....#######....#
###+###............#
#... ##.###########
#.... #.# #....g##.#
#..>.gg@.#
#....g#### #....
#... ###


You could see a gnoll sergeant and 3 gnolls.

Vanquished Creatures
  A black bear (D:5)
  An ogre (D:5)
  A hound (D:5)
  3 bombardier beetles (D:4)
  A jelly (D:5)
  A gnoll bouda (D:4)
  An orc priest (D:3)
  An iguana (D:5)
  2 orc wizards (D:3)
  2 gnolls (D:4)
  4 adders
  8 dart slugs
  3 ribbon worms
  10 orcs
  12 ball pythons
  6 bats
  5 endoplasms
  4 giant cockroaches
  16 goblins
  15 hobgoblins
  11 kobolds
  5 quokkas
  2 frilled lizards
  A rat (D:1)
116 creatures vanquished.

Notes
Turn   | Place    | Note
-------+----------+-------------------------------------------
     0 | D:1      | sloppysteve the Troll Fighter began the quest for the Orb.
     0 | D:1      | Reached XP level 1. HP: 22/22 MP: 0/0
    64 | D:1      | Reached XP level 2. HP: 29/29 MP: 1/1
   196 | D:1      | Found Xeosaadu's One-of-a-Kind Rings.
   546 | D:2      | Reached XP level 3. HP: 36/36 MP: 2/2
  1384 | D:3      | Reached skill level 3 in Unarmed Combat
  1384 | D:3      | Reached XP level 4. HP: 44/44 MP: 3/3
  1656 | D:3      | Reached XP level 5. HP: 46/52 MP: 4/4
  2368 | D:4      | Reached skill level 4 in Unarmed Combat
  2391 | D:4      | Reached XP level 6. HP: 59/59 MP: 5/5
  2395 | D:4      | Reached skill level 1 in Stealth
  3053 | D:5      | Entered Level 5 of the Dungeon
  3209 | D:5      | Reached skill level 5 in Unarmed Combat
  3285 | D:5      | Reached XP level 7. HP: 56/67 MP: 6/6
  3635 | D:5      | Found a staircase to the Ecumenical Temple.
  3641 | D:5      | Slain by a gnoll

Illustrated notes

Levels and vault maps discovered:
D:1:      dpeg_arrival_rooms_b, layout_rooms, nicolae_shop_unique_rings
D:2:      layout_basic, minmay_nonomino_d4
D:3:      layout_loops_ring
D:4:      corexii_shantytown, layout_rooms, kennysheep_donut, roderic_lattice_a,
          minmay_fractal_squares_diagonal_5
D:5:      layout_rooms, temple_green, dreamdust_princess_bridge,
          grunt_decor_one_mirror

Skill      XL: |  1  2  3  4  5  6  7 |
---------------+----------------------+-----
Shields        | 3 4 |  4.0
Dodging        | 3 |  3.7
Unarmed Combat | 3 4 5 |  5.5
Fighting       | 3 |  3.2
Stealth        | 1 |  1.3

Action                     |  1- 3 |  4- 6 |  7- 9 || total
---------------------------+-------+-------+-------++-------
  Melee: Unarmed           |   112 |   204 |    30 ||   346
    Use: Scroll            |     4 |     7 |       ||    11
   Stab: Sleeping          |       |     2 |       ||     2
 Armour: Robe              |    58 |   113 |    20 ||   191
  Dodge: Dodged            |    33 |    62 |     6 ||   101
  Block: Kite shield       |    33 |    67 |    10 ||   110

Table legend: (Time is in decaauts)
 A = Elapsed time spent in this place.
 B = Non-inter-level travel time spent in this place.
 C = Inter-level travel time spent in this place.
 D = Time resting spent in this place.
 E = Time spent auto-exploring this place.
 F = Levels seen in this place.
 G = Mean time per level.
                   A        B        C        D        E       F      G
               +--------+--------+--------+--------+--------+-----+--------+
         Total |   3654 |   3464 |    190 |      0 |   2505 |   5 |  730.8 |
       Dungeon |   3654 |   3464 |    190 |      0 |   2505 |   5 |  730.8 |
               +--------+--------+--------+--------+--------+-----+--------+

Top non-repeatable levels by time:
     D:4: 1047 daAuts
     D:2: 854 daAuts
     D:3: 675 daAuts
     D:5: 588 daAuts
     D:1: 488 daAuts
